 Dungeon Crawl Stone Soup version 0.23.2-30-g0e89c35649 (webtiles) character file.

Game seed: 4899899224190009217

2748985 Jabberih the Demonic Catastrophe (level 27, 338/338 (341) HPs)
             Began as a Demonspawn Gladiator on June 13, 2019.
             Was an Elder of Qazlal.
             Escaped with the Orb
             ... and 5 runes on June 14, 2019!
             The game lasted 07:03:51 (93562 turns).

Jabberih the Demonic Catastrophe (DsGl)            Turns: 93562, Time: 07:03:51

HP:   338/338 (341) AC: 38    Str: 26    XL:     27
MP:   28/40         EV: 11    Int: 10    God:    Qazlal [****..]
Gold: 6824          SH: 42    Dex: 23    Spells: 24/26 levels left

rFire    + + .     SeeInvis +   r - +7 war axe of Spontaneous Combustion {speed, +Blink Str+2 Dex+4}
rCold    + + .     Gourm    .   N - +18 shield of the Gong {rElec rN+ MR+ EV-5}
rNeg     + . .     Faith    .   o - +5 gold dragon scales
rPois    +         Spirit   +   (helmet restricted)
rElec    +         Reflect  +   V - scarf {Spirit}
rCorr    .         Harm     .   K - +3 pair of gloves "Rytojiof" {MR+ Dex+7}
MR       +++++                  (boots unavailable)
Stlth    ..........             F - +2 amulet of reflection
HPRegen  0.66/turn              A - ring "Gaodwynk" {MR++ Slay+2 SInv Stlth+}
MPRegen  0.27/turn              c - ring of Lufoh {rC+ EV+4}

@: repel missiles
A: antennae 1, talons 3, rugged brown scales 3, clumsy 2, demonic guardian 3,
deterioration 1, dopey 1, fire resistance 1, mutation resistance 1, poison
resistance, powered by pain 3, robust 3
0: Orb of Zot
}: 5/15 runes: barnacled, slimy, silver, abyssal, gossamer
a: Upheaval, Elemental Force, Renounce Religion, Evoke Blink


You escaped.
You worshipped Qazlal.
Qazlal was greatly pleased with you.
You were not hungry.

You visited 13 branches of the dungeon, and saw 58 of its levels.
You visited the Abyss 2 times.
You also visited: Ice Cave and Volcano.

You collected 8060 gold pieces.
You spent 1236 gold pieces at shops.

Inventory:

Hand Weapons
 i - a +9 antimagic war axe
 r - the +7 war axe of Spontaneous Combustion (weapon) {speed, +Blink Str+2 Dex+4}
   (You found it on level 11 of the Dungeon)

   Attacks with this weapon are significantly faster.
   It affects your strength (+2).
   It affects your dexterity (+4).
   It lets you blink.
Missiles
 d - 18 throwing nets (quivered)
Armour
 o - +5 gold dragon scales (worn)
 K - the +3 pair of gloves "Rytojiof" (worn) {MR+ Dex+7}
   (You bought it in a shop on level 2 of the Orcish Mines)

   It affects your dexterity (+7).
   It affects your resistance to hostile enchantments.
 N - the +18 shield of the Gong (worn) {rElec rN+ MR+ EV-5}
   (You took it off a deep elf annihilator on level 3 of the Elven Halls)

   It affects your evasion (-5).
   It insulates you from electricity.
   It protects you from negative energy.
   It affects your resistance to hostile enchantments.
 S - the +2 helmet "Aptitidu" {rCorr}
   (You found it on level 14 of the Dungeon)

   It provides partial protection from all sources of acid and corrosion.
 V - a scarf of spirit shield (worn)
Jewellery
 c - the ring of Lufoh (right hand) {rC+ EV+4}
   (You took it off a tengu reaver on level 5 of the Vaults)

   [ring of evasion]

   It affects your evasion (+4).
   It protects you from cold.
 A - the ring "Gaodwynk" (left hand) {MR++ Slay+2 SInv Stlth+}
   (You found it on level 5 of the Pits of Slime)

   [ring of stealth]

   It affects your accuracy and damage with ranged weapons and melee attacks
   (+2).
   It affects your resistance to hostile enchantments.
   It lets you see invisible.
   It makes you more stealthy.
 F - a +2 amulet of reflection (around neck)
 U - an uncursed ring of protection from fire
 X - the ring "Riaplout" {rF+ Str+2 Int+4 Dex+3}
   (You found it on level 1 of the Orcish Mines)

   [ring of protection from fire]

   It affects your strength (+2).
   It affects your intelligence (+4).
   It affects your dexterity (+3).
   It protects you from fire.
Wands
 a - a wand of flame (21)
 j - a wand of clouds (11)
 p - a wand of digging (6)
 x - a wand of disintegration (22)
 E - a wand of polymorph (66)
 L - a wand of paralysis (40)
 M - a wand of enslavement (34)
 W - a wand of acid (6)
 Z - a wand of iceblast (16)
Scrolls
 g - 15 scrolls of remove curse
 k - 14 scrolls of magic mapping
 n - 40 scrolls of identify
 y - 5 scrolls of enchant weapon
 D - 16 scrolls of teleportation
 G - 12 scrolls of fog
 J - 9 scrolls of amnesia
 P - a scroll of silence
 Y - 5 scrolls of fear
Potions
 b - 5 potions of cancellation
 h - 7 potions of curing
 s - 7 potions of berserk rage
 t - 17 potions of brilliance
 z - 8 potions of flight
 I - a potion of might
 O - 4 potions of lignification
Miscellaneous
 e - 2 sacks of spiders
 l - the horn of Geryon
 v - a lightning rod (4/4)
 C - a fan of gales
 H - 5 phantom mirrors
 T - a lamp of fire
Comestibles
 f - 62 rations


   Skills:
 O Level 27 Fighting
 - Level 18.0 Axes
 - Level 1.7 Throwing
 + Level 24.2 Armour
 - Level 7.3 Dodging
 - Level 20.0 Shields
 - Level 9.2 Hexes
 - Level 6.0 Translocations
 O Level 27 Invocations
 - Level 10.0 Evocations


You had 24 spell levels left.
You knew the following spells:

 Your Spells              Type           Power        Failure   Level  Hunger
a - Confusing Touch       Hex            ###...       8%          1    ##.....
b - Apportation           Tloc           ##....       28%         1    ##.....

Your spell library contained the following spells:

 Spells                   Type           Power        Failure   Level  Hunger
 Corona                   Hex            ###....      8%          1    ##.....
 Confuse                  Hex            ###.....     24%         3    ####...
 Tukima's Dance           Hex            ###.....     24%         3    ####...
 Ensorcelled Hibernation  Hex/Ice        #.....       61%         2    ###....
 Cause Fear               Hex            ###.......   61%         4    #####..
 Gell's Gravitas          Tloc           ##........   65%         3    ####...
 Shroud of Golubria       Chrm/Tloc      #.........   83%         2    ###....
 Dazzling Spray           Conj/Hex       #.....       83%         3    ####...
 Inner Flame              Hex/Fire       #.......     83%         3    ####...
 Spectral Weapon          Hex/Chrm       #.......     83%         3    ####...
 Recall                   Summ/Tloc      N/A          96%         3    ####...
 Animate Skeleton         Necr           N/A          98%         1    ##.....
 Beastly Appendage        Tmut           #.....       98%         1    ##.....
 Flame Tongue             Conj/Fire      #....        98%         1    ##.....
 Freeze                   Ice            #...         98%         1    ##.....
 Infusion                 Chrm           #...         98%         1    ##.....
 Magic Dart               Conj           #...         98%         1    ##.....
 Sandblast                Erth           #.....       98%         1    ##.....
 Sting                    Conj/Pois      #...         98%         1    ##.....
 Summon Small Mammal      Summ           #...         98%         1    ##.....
 Passwall                 Tmut/Erth      #.......     99%         2    ###....
 Poisonous Vapours        Pois/Air       #.....       99%         2    ###....
 Searing Ray              Conj           #.....       99%         2    ###....
 Song of Slaying          Chrm           #.......     99%         2    ###....
 Sticks to Snakes         Tmut           #.......     99%         2    ###....
 Sublimation of Blood     Necr           #.........   99%         2    ###....
 Throw Flame              Conj/Fire      #.....       99%         2    ###....
 Throw Frost              Conj/Ice       #.....       99%         2    ###....
 Fulminant Prism          Conj/Hex       #.........   99%         4    #####..
 Conjure Flame            Conj/Fire      #.......     100%        3    ####...
 Ignite Poison            Fire/Tmut/Pois #.......     100%        3    ####...
 Mephitic Cloud           Conj/Pois/Air  #.......     100%        3    ####...
 Ozocubu's Armour         Chrm/Ice       #.......     100%        3    ####...
 Regeneration             Chrm/Necr      #.........   100%        3    ####...
 Spider Form              Tmut/Pois      #.........   100%        3    ####...
 Stone Arrow              Conj/Erth      #.....       100%        3    ####...
 Force Lance              Conj/Tloc      #.......     100%        4    #####..
 Ice Form                 Ice/Tmut       #.......     100%        4    #####..
 Iskenderun's Mystic Bla  Conj           #.......     100%        4    #####..
 Olgreb's Toxic Radiance  Pois           #.......     100%        4    #####..
 Petrify                  Tmut/Erth      #.......     100%        4    #####..
 Sticky Flame             Conj/Fire      #.......     100%        4    #####..
 Summon Ice Beast         Ice/Summ       #.......     100%        4    #####..
 Throw Icicle             Conj/Ice       #.......     100%        4    #####..
 Alistair's Intoxication  Tmut/Pois      #.......     100%        5    ######.
 Aura of Abjuration       Summ           #.........   100%        5    ######.
 Blade Hands              Tmut           #.........   100%        5    ######.
 Bolt of Magma            Conj/Fire/Erth #.........   100%        5    ######.
 Fireball                 Conj/Fire      #.........   100%        5    ######.
 Irradiate                Conj/Tmut      #.........   100%        5    ######.
 Lee's Rapid Deconstruct  Erth           #.........   100%        5    ######.
 Lightning Bolt           Conj/Air       #.........   100%        5    ######.
 Metabolic Englaciation   Hex/Ice        #.........   100%        5    ######.
 Silence                  Hex/Air        #.........   100%        5    ######.
 Summon Demon             Summ           #.........   100%        5    ######.
 Summon Forest            Summ/Tloc      #.........   100%        5    ######.
 Summon Mana Viper        Hex/Summ       #.......     100%        5    ######.
 Venom Bolt               Conj/Pois      #.........   100%        5    ######.
 Yara's Violent Unravell  Hex/Tmut       #.........   100%        5    ######.
 Bolt of Cold             Conj/Ice       #.........   100%        6    #######
 Deflect Missiles         Chrm/Air       #.........   100%        6    #######
 Freezing Cloud           Conj/Ice/Air   #.........   100%        6    #######
 Hydra Form               Tmut           #.........   100%        6    #######
 Iron Shot                Conj/Erth      #.........   100%        6    #######
 Ozocubu's Refrigeration  Ice            #.........   100%        6    #######
 Poison Arrow             Conj/Pois      #.........   100%        6    #######
 Shadow Creatures         Summ           N/A          100%        6    #######
 Simulacrum               Ice/Necr       #.........   100%        6    #######
 Statue Form              Tmut/Erth      #........    100%        6    #######
 Dragon Form              Tmut           #.........   100%        7    #######
 Chain Lightning          Conj/Air       #.........   100%        8    #######
 Discord                  Hex            ###.......   100%        8    #######
 Lehudib's Crystal Spear  Conj/Erth      #.........   100%        8    #######
 Fire Storm               Conj/Fire      #.........   100%        9    #######
 Glaciate                 Conj/Ice       #.........   100%        9    #######
 Shatter                  Erth           #.........   100%        9    #######


Dungeon Overview and Level Annotations

Branches:
Dungeon (15/15)            Temple (1/1) D:5            Lair (6/6) D:9
 Shoals (4/4) Lair:4       Spider (4/4) Lair:2        Slime (5/5) Lair:5
    Orc (2/2) D:12            Elf (3/3) Orc:2        Vaults (5/5) D:14
  Crypt (0/3) Vaults:3     Depths (5/5) D:15           Hell (1/1)
    Dis (0/7) Hell            Geh (2/7) Hell            Coc (0/7) Hell
    Tar (0/7) Hell            Zot (5/5) Depths:5

Altars:
Ashenzari
Cheibriados
Dithmenos
Elyvilon
Fedhas
Gozag
Hepliaklqana
Kikubaaqudgha
Makhleb
Nemelex Xobeh
Okawaru
Qazlal
Ru
Sif Muna
Uskayaw
Vehumet
Wu Jian
Xom
Yredelemnul
Zin
The Shining One
Beogh

Shops:
Orc:2 [[([   Elf:1 :   Vaults:1 [   Depths:1 ((   Depths:3 *   Depths:4 [?((

Portals:
Hell: Depths:1 Depths:2 Depths:3 Depths:4 Depths:5
Abyss: Depths:3 Depths:4 Depths:5
Pandemonium: Depths:3
Ziggurat: Depths:1

Annotations:
Spider:4 3 runed translucent doors, MagicGaucho's ghost, adept OpWz
Elf:1 2 transporters, exclusion: obsidian statue
Vaults:1 exclusion: orange crystal statue
Depths:2 exclusion: orange crystal statue
Hell exclusion: ice statue


Innate Abilities, Weirdness & Mutations

You have claws for feet.
You are completely covered in rugged brown scales. (AC +3, +7% HP)
A powerful demonic guardian rushes to your aid.
You are powered by pain.
You are extremely robust. (+30% HP)
You have a pair of small antennae on your head.
You are very clumsy. (Dex -4)
Your body sometimes deteriorates upon taking damage.
You are dopey. (Int -2)
Your flesh is heat resistant. (rF+)
You are somewhat resistant to further mutation.
Your system is resistant to poisons. (rPois)


Message History

Press: ? - help, Dir - move target cursor, f/p - shadow demon
Aim: a shadow demon (severely wounded)
A storm cloud blasts the area with cutting wind!
The cutting wind hits the shadow demon!
The shadow demon is almost dead.
The cutting wind hits the rust devil!!!
You kill the rust devil!
The cutting wind hits the rust devil!!
The rust devil is heavily wounded.
The shadow demon gestures.
Aiming: Upheaval
Press: ? - help, Dir - move target cursor, f/p - shadow demon
Aim: a shadow demon (almost dead)
The ground shakes violently, spewing rubble!
The blast of rubble hits the shadow demon!!
You kill the shadow demon!
Qazlal accepts your kill.
The rust devil disappears in a puff of smoke!
The frilled lizard dissolves into shadows!
You have escaped!

#### #@.####
#○....####
##§.○...§.###### #
#........§.....####
##....§............
##...............)
##...............
###.............
##....#####...


There were no monsters in sight!

Vanquished Creatures
  the Royal Jelly (Slime:5)
  5 ancient liches
  3 orbs of fire
  Mara (Vaults:4)
  2 juggernauts (Depths:4)
  The ghost of Vuoshruy the Invulnerable, a veteran MiBe of Trog (Zot:4)
  Bai Suzhen (Shoals:4)
  Saint Roka (Depths:4)
  5 Killer Klowns
  Xtahua (Depths:4)
  4 caustic shrikes
  Geryon (Hell)
  8 golden dragons
  Arachne (Spider:1)
  9 bone dragons
  A profane servitor (Abyss:4)
  7 Brimstone Fiends
  Jorgrun (Shoals:1)
  3 electric golems
  10 liches
  The ghost of pedritolo the Severer, an adept HOVM of Elyvilon (Depths:4)
  2 Ice Fiends
  15 tentacled monstrosities
  6 titans
  18 Orb Guardians
  Asterion (Vaults:2)
  5 deep elf blademasters
  3 Executioners
  7 quicksilver dragons
  A deep elf master archer (Elf:3)
  25 tentacled starspawn
  25 acid blobs
  8 sphinxes
  7 death cobs
  11 shadow dragons
  A thorn hunter (Abyss:4)
  10 tengu reavers
  Agnes (Elf:1)
  2 draconian monks (Zot:4)
  17 storm dragons
  Donald (Elf:2)
  3 iron dragons
  13 azure jellies
  15 frost giants
  16 vault wardens
  7 deep elf sorcerers
  4 draconian scorchers
  5 draconian knights
  6 fire giants
  8 ghost moths
  8 emperor scorpions
  7 deep elf elementalists
  7 draconian shifters
  Aizul (Depths:3)
  An angel (Abyss:4)
  3 cacodemons
  Louise (Elf:2)
  4 spriggan defenders
  4 war gargoyles
  8 draconian annihilators
  19 ironheart preservers
  28 very ugly things
  8 entropy weavers
  12 stone giants
  6 deep elf demonologists
  A vampire knight (Depths:4)
  11 purple draconians
  8 green draconians
  A spark wasp (shapeshifter) (Vaults:5)
  The ghost of Sassnad the Cleaver, a journeyman FoFi of Qazlal (Orc:1)
  9 yellow draconians
  3 lorocyprocas
  10 white draconians
  10 black draconians
  4 spark wasps
  10 deep elf annihilators
  9 red draconians
  3 blizzard demons
  The ghost of Aricsoirch the Bludgeoner, a journeyman GrFi of Okawaru (Lair:4)
  2 eidola
  2 green deaths (Abyss:1)
  10 merfolk impalers
  A quicksilver dragon zombie (Geh:1)
  2 merfolk javelineers
  11 death oozes
  11 fire dragons
  6 deep elf death magi
  13 ettins
  A kraken zombie (Hell)
  13 yaktaur captains
  11 rakshasas
  15 great orbs of eyes
  3 ice dragons
  19 ogre magi
  31 vault guards
  6 hydras
  7 deep elf high priests
  A naga warrior (Abyss:1)
  A quicksilver dragon skeleton (Geh:2)
  Harold (D:8)
  6 spriggan air magi
  2 alligator snapping turtles (Shoals:4)
  49 two-headed ogres
  4 merfolk avatars
  4 death knights
  8 centaur warriors
  2 merfolk aquamancers (Shoals:4)
  30 dancing weapons
  4 death yaks
  2 satyrs
  30 thrashing horrors
  A titan zombie (Abyss:4)
  A vampire mage (Vaults:3)
  3 deep troll shamans
  16 hell hogs
  3 deep troll earth magi (Depths:4)
  Urug (Lair:5)
  4 tengu warriors
  5 spriggan berserkers
  43 hell knights
  An iron golem (Geh:2)
  5 sun demons
  A titan skeleton (Geh:1)
  4 orc high priests (Orc:2)
  11 soul eaters
  26 deep elf knights
  A shock serpent (shapeshifter) (Depths:4)
  Sonja (D:11)
  31 wretched stars
  4 spatial maelstroms (Abyss:4)
  4 shadow wraiths
  An iron troll (Depths:2)
  A storm dragon skeleton (Geh:2)
  4 death drakes (Depths:2)
  11 unseen horrors
  8 sea snakes
  11 sixfirhies
  An anaconda zombie (Abyss:2)
  18 deep trolls
  10 skeletal warriors
  A golden dragon zombie (Geh:2)
  A cherub (Zot:5)
  6 glowing orange brains
  A torturous demonspawn (Depths:3)
  An orange crystal statue (Depths:2)
  7 wizards
  21 deep elf archers
  83 starcursed masses
  2 shadow demons (D:1)
  8 flayed ghosts
  19 ironbrand convokers
  8 phantasmal warriors
  2 mana vipers
  5 anaconda skeletons
  19 necromancers
  8 orc sorcerers
  A wolf spider (shapeshifter) (Depths:5)
  9 harpies
  A tengu skeleton (Vaults:4)
  A shadow dragon skeleton (Vaults:4)
  9 fauns
  A frost giant zombie (Geh:2)
  A salamander (Abyss:3)
  7 cyclopes
  49 deep elf magi
  3 fire giant zombies (Geh:1)
  A wolf spider zombie (D:12)
  29 wolf spiders
  19 orb spiders
  A shining eye (shapeshifter) (Abyss:4)
  16 orc knights
  53 ugly things
  31 moths of wrath
  16 manticores
  An elephant (Lair:6)
  14 worldbinders
  10 apocalypse crabs
  3 ice statues (IceCv)
  3 shining eyes
  2 human zombies (Vaults:4)
  3 black mambas
  4 guardian serpents
  9 rust devils
  A frost giant skeleton (Geh:1)
  15 vault sentinels
  5 water nymphs
  4 merfolk sirens
  A stone giant skeleton (Abyss:4)
  26 smoke demons
  2 fire giant skeletons
  A dire elephant zombie (Geh:2)
  An eye of devastation (shapeshifter) (D:15)
  A titan simulacrum (Abyss:4)
  A shock serpent zombie (Geh:2)
  A naga mage (Abyss:2)
  4 orange demons
  4 eyes of devastation
  3 gargoyles
  2 torpor snails
  14 spiny frogs
  A spiny frog (shapeshifter) (Vaults:3)
  3 molten gargoyles
  A dire elephant skeleton (Geh:1)
  A shock serpent skeleton (Abyss:4)
  A rime drake (shapeshifter) (Abyss:4)
  16 demonic crawlers
  8 hellions
  4 efreet
  10 komodo dragons
  2 rime drakes (Lair:6)
  13 freezing wraiths
  A yaktaur zombie (Vaults:4)
  2 kobold demonologists (D:12)
  5 tormentors
  2 golden dragon simulacra (IceCv)
  3 anaconda simulacra (IceCv)
  16 hellwings
  43 small abominations
  9 spectral merfolk (Depths:2)
  12 ice devils (IceCv)
  26 ancient zymes
  A komodo dragon (shapeshifter) (Vaults:1)
  41 yaktaurs
  A harpy zombie (Geh:2)
  8 red devils
  4 polar bears
  20 jumping spiders
  A hydra zombie (Geh:1)
  3 meliai (D:13)
  2 tengu conjurers (Depths:2)
  25 merfolk
  8 wind drakes
  65 large abominations
  A queen bee (shapeshifter) (Depths:1)
  3 trolls
  Grinder (D:4)
  82 raiju
  A slime creature (shapeshifter) (Abyss:4)
  A blink frog (Abyss:4)
  2 hydra skeletons
  21 hornets
  A snapping turtle (shapeshifter) (Vaults:5)
  3 blink frogs (shapeshifter)
  2 fire dragon zombies
  17 hippogriffs
  9 snapping turtles
  8 tyrant leeches (Spider:4)
  A dream sheep (shapeshifter) (Vaults:5)
  3 ettin zombies
  123 slime creatures
  15 dream sheep
  A black mamba zombie (Geh:2)
  27 flying skulls
  80 redbacks
  7 shadows
  An alligator skeleton (Geh:2)
  5 air elementals
  25 water elementals
  A dire elephant simulacrum (IceCv)
  2 ettin skeletons (Geh:1)
  4 fire dragon skeletons
  16 wraiths
  2 spriggans (shapeshifter)
  2 frost giant simulacra
  27 tarantellas
  35 yaks
  A spriggan (Depths:3)
  A tarantella (shapeshifter) (Vaults:5)
  2 wyverns
  22 fire elementals
  23 ynoxinuls
  A hog (shapeshifter) (Abyss:3)
  4 basilisks
  A black mamba skeleton (Geh:1)
  20 chaos spawn
  11 fire bats
  2 hungry ghosts
  4 vampires
  9 golden eyes
  Grum (D:11)
  22 neqoxecs
  The ghost of Jabberih the Chopper, an amateur DsGl (D:3)
  An insubstantial wisp (Abyss:1)
  21 wargs
  7 swamp worms
  A soldier ant (shapeshifter) (Depths:1)
  4 spatial vortices
  19 water moccasins
  2 iron troll simulacra (IceCv)
  A soldier ant (D:10)
  An acid dragon (shapeshifter) (Depths:1)
  7 nagas
  2 acid dragons
  11 hell hounds
  5 hydra simulacra
  3 spectral spriggans (Depths:2)
  2 spectral trolls (Depths:2)
  2 floating eyes
  43 orc warriors
  7 porcupines
  2 snapping turtle zombies
  A spiny frog skeleton (Hell)
  4 ice beasts
  4 sky beasts
  An ettin simulacrum (IceCv)
  A black bear (shapeshifter) (Vaults:2)
  12 phantoms
  A black bear (D:9)
  6 necrophages
  A black mamba simulacrum (Abyss:4)
  51 ogres
  5 eyes of draining
  2 alligator simulacra (Hell)
  8 wolves
  8 boggarts
  17 crocodiles
  A crocodile (shapeshifter) (Vaults:4)
  13 centaurs
  2 human skeletons
  3 big kobolds
  15 bullfrogs
  2 earth elementals
  A water moccasin skeleton (D:5)
  8 scorpions
  A spectral naga (Depths:2)
  5 killer bees (D:13)
  3 spectral ogres (Depths:2)
  A manticore simulacrum (Abyss:1)
  29 wights
  A troll skeleton (Abyss:1)
  An electric eel (Lair:5)
  2 lava snakes (D:13)
  A spectral centaur (Depths:2)
  5 howler monkeys
  12 crimson imps
  5 centaur zombies
  A bullfrog zombie (D:12)
  7 hounds
  13 quasits
  7 jellies
  5 centaur skeletons
  34 orc priests
  A bullfrog skeleton (D:4)
  28 orc wizards
  13 iron imps
  3 iguanas
  7 worker ants
  6 hell rats
  8 ogre zombies (D:12)
  A centaur simulacrum (Depths:2)
  A hound zombie (D:5)
  A hound skeleton (D:5)
  A howler monkey skeleton (D:6)
  A howler monkey zombie (D:9)
  A worker ant zombie (D:10)
  3 gnolls (D:3)
  13 adders
  A river rat (D:6)
  8 shadow imps
  7 white imps
  7 ufetubi
  2 oozes
  An ooze (shapeshifter) (Vaults:3)
  An adder zombie (D:9)
  An adder skeleton (D:4)
  2 worms
  2 dart slugs
  5 leopard geckos
  99 orcs
  2 ball pythons
  3 bats
  7 giant cockroaches
  9 goblins
  9 hobgoblins
  7 jackals
  22 kobolds
  2 quokkas (D:4)
  9 frilled lizards
  3 goblin skeletons (D:12)
  A hobgoblin skeleton (D:12)
  3 hobgoblin zombies (D:12)
  A jackal skeleton (D:5)
  A leopard gecko skeleton (D:9)
  4 orc skeletons (D:12)
  14 orc zombies (D:12)
  A quokka skeleton (D:4)
  A quokka zombie (D:9)
  3 rats
  4 crawling corpses (Elf:3)
  2 fire vortices (D:13)
  A fungus (Lair:5)
  4 lurking horrors
  7 plants
  16 starspawn tentacles
  2 tentacles (Hell)
3437 creatures vanquished.

Vanquished Creatures (collateral kills)
  An ancient lich (Depths:4)
  A golden dragon (Zot:4)
  A bone dragon (Abyss:3)
  A lich (Abyss:4)
  A hellephant (Hell)
  9 Orb Guardians (Zot:5)
  3 tentacled monstrosities
  2 acid blobs
  2 tentacled starspawn (Abyss:4)
  An azure jelly (Slime:5)
  3 storm dragons
  A draconian monk (Zot:3)
  2 draconian knights
  A daeva (Abyss:4)
  2 frost giants
  A draconian annihilator (Zot:3)
  2 very ugly things
  2 reapers (Hell)
  3 green draconians
  A deep elf annihilator (Vaults:1)
  A white draconian (Zot:5)
  A yellow draconian (Zot:3)
  A spark wasp (shapeshifter) (Abyss:4)
  3 purple draconians (Zot:2)
  A blizzard demon (Abyss:4)
  2 death oozes (Slime:5)
  A great orb of eyes (Slime:5)
  An ice dragon (Vaults:5)
  A centaur warrior (Vaults:1)
  A death knight (D:12)
  2 two-headed ogres (Vaults:1)
  4 hell knights
  3 sun demons
  A wretched star (Abyss:4)
  A spatial maelstrom (Abyss:4)
  A glowing orange brain (Abyss:4)
  A shadow dragon zombie (Abyss:4)
  Pikel (D:8)
  An orb spider (Spider:1)
  2 fauns (Shoals:1)
  A fire giant zombie (Abyss:4)
  A wolf spider (Spider:4)
  2 deep elf magi
  2 ugly things
  A toenail golem (Abyss:4)
  A black mamba (Lair:6)
  An elephant (Lair:6)
  A merfolk siren (Shoals:1)
  An orange demon (Abyss:4)
  2 spiny frogs (Lair:1)
  An ancient zyme (Abyss:4)
  A merfolk (Shoals:4)
  A red devil (Hell)
  3 jumping spiders
  A polar bear (Lair:6)
  An ettin zombie (Abyss:1)
  10 raiju
  4 slime creatures
  4 dream sheep
  11 large abominations (Abyss:4)
  A shadow (Abyss:4)
  2 flying skulls (Abyss:4)
  5 redbacks
  A ynoxinul (Abyss:4)
  4 yaks
  A tarantella (Spider:4)
  A starcursed mass (Abyss:4)
  A water elemental (Elf:2)
  A wyvern (Lair:5)
  A fire elemental (Elf:2)
  5 chaos spawn (Abyss:4)
  2 neqoxecs (Abyss:4)
  A water moccasin (Lair:1)
  A hell hound (Geh:2)
  A porcupine (D:9)
  An orc warrior (Depths:4)
  A slave (D:8)
  2 ogres
  2 wolves
  A centaur (D:7)
  2 crocodiles
  A small abomination (Abyss:4)
  An orc priest (D:8)
  A howler monkey zombie (D:8)
  An orc (D:8)
  A starspawn tentacle (Abyss:4)
162 creatures vanquished.

Vanquished Creatures (others)
  2 deep elf master archers (Elf:3)
  A shadow dragon (Depths:5)
  A draconian annihilator (Zot:3)
  A spriggan defender (Depths:4)
  4 stone giants
  A red draconian (Zot:1)
  2 merfolk javelineers (Shoals:4)
  A quicksilver dragon zombie (Geh:1)
  3 yaktaur captains
  A rakshasa (Abyss:4)
  2 centaur warriors
  4 hell hogs
  A thrashing horror (Abyss:4)
  A hell knight (Depths:4)
  A titan skeleton (Geh:1)
  A deep elf archer (Elf:3)
  A wizard (Vaults:1)
  A deep elf mage (Elf:2)
  A cyclops (Shoals:4)
  A stone giant zombie (Geh:1)
  A fire giant skeleton (Geh:1)
  17 yaktaurs
  A demonic crawler (Abyss:4)
  A jumping spider (Spider:1)
  A tyrant leech (Spider:4)
  A hornet (Abyss:4)
  A blink frog (Abyss:4)
  A slime creature (Slime:1)
  2 water elementals
  A flying skull (Geh:1)
  5 large abominations
  A shadow (Geh:1)
  A wraith (Geh:2)
  2 fire bats (Abyss:4)
  A neqoxec (Abyss:3)
  A chaos spawn (Abyss:4)
  2 slaves (D:8)
  An orc warrior (Vaults:3)
  A tengu (Abyss:4)
  3 centaurs (Vaults:1)
  An ogre (Vaults:5)
  A snapping turtle skeleton (Geh:1)
  A bullfrog (D:8)
  2 small abominations (Abyss:4)
  A hound (D:8)
  An orc wizard (D:6)
  A tengu skeleton (Geh:2)
  An orc (Vaults:1)
  A kobold zombie (Geh:1)
  A fire vortex (D:13)
  53 fungi
  A lurking horror (Abyss:4)
  23 plants
  43 starspawn tentacles
  6 tentacles (Hell)
213 creatures vanquished.

Grand Total: 3812 creatures vanquished

Notes
Turn   | Place    | Note
-------+----------+-------------------------------------------
     0 | D:1      | Jabberih the Demonspawn Gladiator began the quest for the
                  | Orb.
     0 | D:1      | Reached XP level 1. HP: 16/16 MP: 1/1
   119 | D:1      | Gained mutation: You sometimes gain a little power by
                  | taking damage. [demonic ancestry]
   119 | D:1      | Reached XP level 2. HP: 19/22 MP: 2/2
   780 | D:2      | Gained mutation: You have sharp toenails. [demonic
                  | ancestry]
   780 | D:2      | Reached XP level 3. HP: 22/27 MP: 3/3
  1300 | D:3      | Gained mutation: You have razor-sharp toenails. [demonic
                  | ancestry]
  1300 | D:3      | Reached XP level 4. HP: 13/33 MP: 4/4
  2094 | D:3      | Reached skill level 5 in Axes
  2173 | D:3      | Found a runed translucent gate.
  2173 | D:3      | Found a runed translucent gate.
  2173 | D:3      | Found a runed translucent gate.
  2173 | D:3      | Identified the +12 dagger "Taeshrut" {pain, Str+4}
  2173 | D:3      | Noticed a big kobold
  2175 | D:3      | Noticed Jabberih's ghost (amateur DsGl)
  2551 | D:3      | Found a snail-covered altar of Cheibriados.
  2551 | D:3      | Found a deep blue altar of Sif Muna.
  2556 | D:3      | Found an ancient bone altar of Kikubaaqudgha.
  2559 | D:3      | Found a faded altar of an unknown god.
  2561 | D:3      | Found a faded altar of an unknown god.
  2820 | D:4      | Reached XP level 5. HP: 38/38 MP: 5/5
  2881 | D:4      | Noticed an ogre
  2889 | D:4      | Killed an ogre
  2923 | D:4      | Noticed an ogre
  3211 | D:4      | Killed an ogre
  3211 | D:4      | Reached XP level 6. HP: 23/44 MP: 6/6
  3519 | D:4      | Reached XP level 7. HP: 23/50 MP: 7/7
  3524 | D:4      | Noticed Grinder
  3524 | D:4      | Paralysed by Grinder for 6 turns
  3533 | D:4      | Paralysed by Grinder for 6 turns
  3544 | D:4      | Paralysed by Grinder for 4 turns
  3794 | D:4      | Paralysed by Grinder for 4 turns
  3807 | D:4      | Paralysed by Grinder for 2 turns
  3816 | D:4      | Killed Grinder
  4424 | D:4      | Gained mutation: You have claws for feet. [demonic
                  | ancestry]
  4424 | D:4      | Reached XP level 8. HP: 42/56 MP: 8/8
  5043 | D:5      | Entered Level 5 of the Dungeon
  5198 | D:5      | Found a staircase to the Ecumenical Temple.
  5213 | Temple   | Entered the Ecumenical Temple
  5557 | Temple   | Became a worshipper of Qazlal Stormbringer
  5627 | D:5      | Reached skill level 10 in Axes
  6045 | D:5      | Found a shattered altar of Ashenzari.
  6255 | D:5      | Found a burning altar of Makhleb.
  6328 | D:6      | Found a shimmering altar of Xom.
  6329 | D:6      | Found a shimmering altar of Xom.
  6329 | D:6      | Found a shimmering altar of Xom.
  6417 | D:6      | Found a shimmering altar of Xom.
  6418 | D:6      | Found a shimmering altar of Xom.
  6420 | D:6      | Found a shimmering altar of Xom.
  7542 | D:6      | Gained mutation: A weak demonic guardian rushes to your
                  | aid. [demonic ancestry]
  7542 | D:6      | Reached XP level 9. HP: 36/61 MP: 9/9
  7697 | D:6      | Reached * piety under Qazlal
  8158 | D:7      | Reached skill level 1 in Shields
  8862 | D:7      | Found a burning altar of Makhleb.
  9406 | D:8      | Reached ** piety under Qazlal
  9414 | D:8      | Noticed Pikel
  9675 | D:8      | Killed Pikel
  9856 | D:8      | Reached skill level 5 in Shields
 10094 | D:8      | Noticed Harold
 10106 | D:7      | Reached XP level 10. HP: 46/67 MP: 10/10
 10252 | D:8      | Killed Harold
 10601 | D:8      | Found a white marble altar of Elyvilon.
 10924 | D:9      | Reached *** piety under Qazlal
 10983 | D:9      | Noticed a two-headed ogre
 11421 | D:9      | Found a staircase to the Lair.
 11737 | D:9      | Killed a two-headed ogre
 11888 | D:9      | Found a shadowy altar of Dithmenos.
 12093 | D:10     | Entered Level 10 of the Dungeon
 12147 | Lair:1   | Entered Level 1 of the Lair of Beasts
 12153 | Lair:1   | Reached XP level 11. HP: 72/72 MP: 11/11
 12340 | Lair:1   | Noticed a four-headed hydra
 12357 | Lair:1   | Killed a five-headed hydra
 14158 | Lair:2   | Noticed a five-headed hydra
 14182 | Lair:2   | Killed a five-headed hydra
 14238 | Lair:2   | Noticed a seven-headed hydra
 14248 | Lair:2   | Killed a seven-headed hydra
 14846 | Lair:2   | Found a hole to the Spider Nest.
 14916 | Lair:2   | Reached **** piety under Qazlal
 15831 | Lair:3   | Reached XP level 12. HP: 76/78 MP: 12/12
 15840 | Lair:3   | Found a dark tunnel.
 15859 | Lair:2   | Reached skill level 15 in Axes
 16196 | Volcano  | Entered a volcano
 16224 | Volcano  | Noticed a hell hog
 16240 | Lair:3   | Killed a hell hog
 17196 | Lair:4   | Reached skill level 10 in Shields
 17541 | Lair:4   | Found a large runed translucent door.
 17541 | Lair:4   | Found a large runed translucent door.
 17544 | Lair:4   | Noticed Aricsoirch's ghost (journeyman GrFi)
 18095 | Lair:4   | Found a staircase to the Shoals.
 18576 | Lair:5   | Noticed Urug
 18792 | Lair:5   | Killed Urug
 19217 | Lair:5   | Found a staircase to the Slime Pits.
 19957 | Lair:6   | Entered Level 6 of the Lair of Beasts
 20578 | Lair:6   | Noticed a six-headed hydra
 20601 | Lair:5   | Killed a six-headed hydra
 21101 | Lair:6   | Reached ***** piety under Qazlal
 21189 | Lair:6   | Reached XP level 13. HP: 24/83 MP: 13/13
 22359 | Lair:6   | Reached skill level 1 in Invocations
 24519 | D:10     | Reached skill level 5 in Invocations
 25165 | D:11     | Noticed Sonja
 25179 | D:11     | Killed Sonja
 25301 | D:11     | Noticed Grum
 25318 | D:11     | Killed Grum
 25938 | D:11     | Got a pitted war axe
 25939 | D:11     | Identified the +7 war axe of Spontaneous Combustion {speed,
                  | +Blink Str+2 Dex+4} (You found it on level 11 of the
                  | Dungeon)
 26134 | D:12     | Found a burning altar of Makhleb.
 26163 | D:12     | Reached XP level 14. HP: 91/91 MP: 20/20
 26326 | D:12     | Reached ****** piety under Qazlal
 26344 | D:12     | Found a staircase to the Orcish Mines.
 26838 | Orc:1    | Entered Level 1 of the Orcish Mines
 27357 | Orc:1    | Reached skill level 10 in Invocations
 27637 | Orc:1    | Found a transporter.
 27649 | Orc:1    | Noticed Sassnad's ghost (journeyman FoFi)
 27732 | Orc:1    | Found a roughly hewn altar of Beogh.
 27790 | Orc:1    | Found a transporter.
 28199 | Orc:2    | Entered Level 2 of the Orcish Mines
 28634 | Orc:2    | Found a roughly hewn altar of Beogh.
 28743 | Orc:2    | Found a staircase to the Elven Halls.
 28749 | Orc:2    | Found a roughly hewn altar of Beogh.
 28842 | Orc:2    | Reached skill level 5 in Fighting
 28842 | Orc:2    | Reached skill level 5 in Dodging
 29279 | Orc:2    | Found Kynniliu's Antique Armour Shop.
 29279 | Orc:2    | Found Anobik's Armour Shop.
 29280 | Orc:2    | Found Ruffag's Weapon Emporium.
 29285 | Orc:2    | Found Miruir's Armour Emporium.
 29299 | Orc:2    | Bought a pair of jewelled gloves for 361 gold pieces
 29309 | Orc:2    | Identified the +3 pair of gloves "Rytojiof" {MR+ Dex+7}
                  | (You bought it in a shop on level 2 of the Orcish Mines)
 29663 | Orc:2    | Bought a runed scarf for 304 gold pieces
 29917 | Orc:2    | Bought a fine chain mail for 361 gold pieces
 29927 | Orc:2    | Identified the cursed +1 chain mail of the Republic {rElec
                  | MR- Dex+4} (You bought it in a shop on level 2 of the
                  | Orcish Mines)
 30098 | Elf:1    | Entered Level 1 of the Elven Halls
 30148 | Elf:1    | Found a transporter.
 30468 | D:3      | Killed Jabberih's ghost
 30777 | Lair:4   | Killed Aricsoirch's ghost
 30777 | Lair:4   | Reached skill level 1 in Armour
 31082 | Elf:1    | Found a transporter.
 31091 | Elf:1    | Identified the +7 hand axe of Magipn {chop, rC- rN+++ Str+3
                  | Int-2}
 31514 | Elf:1    | Gained mutation: You are partially covered in rugged brown
                  | scales. (AC +1, +3% HP) [demonic ancestry]
 31514 | Elf:1    | Reached XP level 15. HP: 88/108 MP: 20/24
 31738 | Elf:1    | Found Deczam's Book Shop.
 31920 | Elf:1    | Noticed Agnes
 31933 | Elf:1    | Killed Agnes
 32468 | Elf:2    | Noticed Louise
 33423 | Elf:2    | Killed Louise
 34001 | Elf:2    | Found a runed translucent gate.
 34006 | Elf:2    | Found a runed translucent gate.
 34011 | Elf:2    | Found a runed translucent gate.
 34313 | Elf:2    | Noticed a deep elf blademaster
 34336 | Elf:2    | Killed a deep elf blademaster
 35189 | Spider:1 | Entered Level 1 of the Spider Nest
 36365 | Spider:1 | Reached skill level 15 in Invocations
 36395 | Spider:1 | Reached XP level 16. HP: 80/121 MP: 19/27
 36523 | Spider:1 | Reached skill level 1 in Evocations
 37339 | Spider:2 | Noticed Arachne
 38158 | Spider:1 | Killed Arachne
 38158 | Spider:1 | Reached skill level 10 in Fighting
 38898 | Spider:2 | Got an ichor-stained arbalest
 39348 | Spider:3 | Reached skill level 5 in Evocations
 40349 | Spider:4 | Entered Level 4 of the Spider Nest
 41709 | Spider:4 | Gained mutation: You sometimes gain power by taking damage.
                  | [demonic ancestry]
 41709 | Spider:4 | Reached XP level 17. HP: 115/139 MP: 28/28
 41842 | Spider:4 | Found a runed translucent gate.
 41842 | Spider:4 | Found a runed translucent gate.
 43403 | Spider:4 | Got a gossamer rune of Zot
 43588 | Spider:4 | Found a runed translucent gate.
 43588 | Spider:4 | Noticed MagicGaucho's ghost (adept OpWz)
 43905 | Shoals:1 | Entered Level 1 of the Shoals
 44490 | Shoals:1 | Noticed Jorgrun
 44499 | Shoals:1 | Killed Jorgrun
 45974 | Shoals:3 | Found a frozen archway.
 45987 | Shoals:3 | Reached skill level 15 in Fighting
 46003 | IceCv    | Entered an ice cave
 46185 | IceCv    | Noticed an Ice Fiend
 46199 | IceCv    | Killed an Ice Fiend
 47104 | Shoals:4 | Entered Level 4 of the Shoals
 47211 | Shoals:3 | Gained mutation: You are mostly covered in rugged brown
                  | scales. (AC +2, +5% HP) [demonic ancestry]
 47211 | Shoals:3 | Reached XP level 18. HP: 127/156 MP: 26/29
 47220 | Shoals:3 | Reached skill level 10 in Evocations
 48107 | Shoals:4 | Identified the ring of Zin's Condemnation {*Drain +Fly
                  | Dex+5}
 48990 | Shoals:4 | Noticed Bai Suzhen
 49004 | Shoals:4 | Killed Bai Suzhen
 49458 | Shoals:4 | Got a barnacled rune of Zot
 51483 | D:14     | Found a gate to the Vaults.
 51886 | D:14     | Got a faintly glowing helmet
 51887 | D:14     | Identified the +2 helmet "Aptitidu" {rCorr} (You found it
                  | on level 14 of the Dungeon)
 52141 | D:15     | Entered Level 15 of the Dungeon
 52752 | D:15     | Found a staircase to the Depths.
 52967 | Vaults:1 | Entered Level 1 of the Vaults
 53009 | Vaults:1 | Reached skill level 5 in Armour
 53075 | Vaults:1 | Gained mutation: You are robust. (+10% HP) [demonic
                  | ancestry]
 53075 | Vaults:1 | Reached XP level 19. HP: 165/188 MP: 30/30
 53106 | Vaults:1 | Paralysed by an ogre mage for 3 turns
 54607 | Vaults:1 | Found Roxtobud's Armour Shoppe.
 54696 | Vaults:1 | You fall through a shaft!
 55244 | Vaults:2 | Reached XP level 20. HP: 171/197 MP: 32/32
 56370 | Vaults:3 | Noticed Asterion
 56410 | Vaults:2 | Killed Asterion
 57103 | Vaults:3 | Found a staircase to the Crypt.
 58050 | Vaults:4 | Noticed Mara
 58060 | Vaults:4 | Noticed Jabberih's illusion
 58076 | Vaults:4 | Killed Mara
 59525 | Vaults:5 | Entered Level 5 of the Vaults
 59526 | Vaults:5 | Gained mutation: You are powered by pain. [demonic
                  | ancestry]
 59526 | Vaults:5 | Reached XP level 21. HP: 204/204 MP: 35/35
 59767 | Vaults:4 | Reached skill level 10 in Armour
 60141 | Vaults:5 | Noticed a golden dragon
 60265 | Vaults:5 | Identified the cursed +1 rapier of Ancient Evil {vamp, +Fly
                  | rN+ Dex-2}
 60313 | Vaults:5 | Noticed a golden dragon
 60324 | Vaults:5 | Killed a golden dragon
 60537 | Vaults:5 | Noticed a golden dragon
 60547 | Vaults:5 | Killed a golden dragon
 60547 | Vaults:5 | Reached skill level 15 in Shields
 60877 | Vaults:5 | Identified the +1 scythe "Yllej" {slice, *Contam *Rage
                  | rPois rN+++}
 60877 | Vaults:5 | Identified the ring of Fukupao {rN+ MR- Dex-2 SInv Stlth+}
 61328 | Vaults:5 | Killed a golden dragon
 62055 | Vaults:5 | Gained mutation: You are completely covered in rugged brown
                  | scales. (AC +3, +7% HP) [demonic ancestry]
 62055 | Vaults:5 | Reached XP level 22. HP: 196/216 MP: 34/37
 62110 | Vaults:5 | Got a silver rune of Zot
 62247 | Vaults:5 | Identified the Disquisition on the Snowflakes and Clay
 62437 | Vaults:5 | Identified the ring of Lufoh {rC+ EV+4}
 62501 | Vaults:5 | Noticed a golden dragon
 62512 | Vaults:5 | Killed a golden dragon
 63432 | Vaults:5 | Got a scorched scale mail
 63433 | Vaults:5 | Identified the cursed +1 scale mail "Atoll" {MR+ Stlth+}
                  | (You found it on level 5 of the Vaults)
 63437 | Vaults:5 | Identified a scroll of acquirement
 63790 | Orc:1    | Gained mutation: Armour fits poorly on your strangely
                  | shaped body. [a neqoxec]
 63792 | Orc:1    | Killed Sassnad's ghost
 63793 | Orc:1    | Gained mutation: Scrolls take you a little longer to read.
                  | [a neqoxec]
 63806 | Orc:1    | Got an ancient golden ring
 63809 | Orc:1    | Identified the ring "Riaplout" {rF+ Str+2 Int+4 Dex+3} (You
                  | found it on level 1 of the Orcish Mines)
 64547 | Elf:2    | Noticed Donald
 64556 | Elf:2    | Killed Donald
 64914 | Elf:3    | Entered Level 3 of the Elven Halls
 65172 | Elf:3    | Lost mutation: Armour fits poorly on your strangely shaped
                  | body. [potion of mutation]
 65172 | Elf:3    | Lost mutation: Scrolls take you a little longer to read.
                  | [potion of mutation]
 65172 | Elf:3    | Gained mutation: Your magical capacity is low. (-10% MP)
                  | [potion of mutation]
 65172 | Elf:3    | Gained mutation: You tend to lose your temper in combat.
                  | [potion of mutation]
 65172 | Elf:3    | Gained mutation: You are agile. (Dex +2) [potion of
                  | mutation]
 65173 | Elf:3    | Lost mutation: You tend to lose your temper in combat.
                  | [potion of mutation]
 65173 | Elf:3    | Lost mutation: Your magical capacity is low. (-10% MP)
                  | [potion of mutation]
 65173 | Elf:3    | Lost mutation: You are agile. (Dex +2) [potion of mutation]
 65173 | Elf:3    | Gained mutation: You are dopey. (Int -2) [potion of
                  | mutation]
 65173 | Elf:3    | Gained mutation: You are clumsy. (Dex -2) [potion of
                  | mutation]
 65173 | Elf:3    | Gained mutation: You expend magic power (3 MP) to
                  | strengthen your wands. [potion of mutation]
 65314 | Elf:3    | Cast into level 2 of the Abyss (a deep elf demonologist)
 65539 | Elf:3    | Escaped the Abyss
 65635 | Elf:3    | Identified the cursed +1 bardiche of the Equator {freeze,
                  | *Drain rF- Str+9}
 65707 | Elf:3    | Identified the +2 scale mail "Fitymorropp" {rF+ rC+ Int+6}
 65707 | Elf:3    | Identified the +7 quarterstaff "Noykeum" {flame, *Rage
                  | rElec rPois Dex+3}
 65720 | Elf:3    | Gained mutation: You are very robust. (+20% HP) [demonic
                  | ancestry]
 65720 | Elf:3    | Reached XP level 23. HP: 154/246 MP: 21/38
 66087 | Elf:3    | Found the +9 heavy crossbow "Sniper" {velocity, Acc+∞ SInv}
 66089 | Elf:3    | Found the +4 robe of Augmentation {Str+4 Int+4 Dex+4}
 66113 | Elf:3    | Identified the Compendium of Confrontation and Execration
 66914 | Depths:1 | Entered Level 1 of the Depths
 66995 | Depths:1 | Found a gateway to Hell.
 67074 | Depths:1 | Found Jyess's Antique Weapon Emporium.
 67089 | Depths:1 | Found Qedd's Weapon Shoppe.
 67487 | Depths:1 | Found a gateway to a ziggurat.
 67749 | Depths:1 | Found a glowing golden altar of the Shining One.
 68309 | Depths:2 | Reached skill level 15 in Armour
 68495 | Depths:2 | Paralysed by a floating eye for 3 turns
 68783 | Depths:2 | Noticed an ancient lich
 68799 | Depths:2 | Killed an ancient lich
 69218 | Depths:3 | Noticed Aizul
 69233 | Depths:3 | Killed Aizul
 69462 | Depths:3 | Found a one-way gate leading to the halls of Pandemonium.
 69566 | Depths:3 | Found Biroan's General Store.
 69732 | Depths:3 | Gained mutation: A demonic guardian rushes to your aid.
                  | [demonic ancestry]
 69732 | Depths:3 | Reached XP level 24. HP: 254/261 MP: 37/38
 69899 | Depths:3 | Found a one-way gate to the infinite horrors of the Abyss.
 70265 | Depths:4 | Noticed Xtahua
 70267 | Depths:4 | Noticed a juggernaut
 70522 | Depths:4 | Killed Xtahua
 70526 | Depths:4 | Killed a juggernaut
 70588 | Depths:4 | Noticed an ancient lich
 70670 | Depths:4 | Found a runed translucent door.
 70670 | Depths:4 | Noticed pedritolo's ghost (adept HOVM)
 70799 | Depths:4 | Killed pedritolo's ghost
 70918 | Depths:4 | Noticed Saint Roka
 70921 | Depths:4 | Identified the cursed +0 hand axe "Bamo" {chop, rElec rC++}
 70926 | Depths:4 | Noticed a juggernaut
 70953 | Depths:4 | Killed Saint Roka
 70969 | Depths:4 | Killed a juggernaut
 71266 | Depths:4 | Gained mutation: A powerful demonic guardian rushes to your
                  | aid. [demonic ancestry]
 71266 | Depths:4 | Reached XP level 25. HP: 196/274 MP: 31/38
 71699 | Depths:4 | Found Waorouq's Weapon Boutique.
 71699 | Depths:4 | Found Lasof's Antique Armour Shoppe.
 71700 | Depths:4 | Found Raaqahirph's Antique Weapon Shoppe.
 71700 | Depths:4 | Found Acif's Magic Scroll Shop.
 71718 | Depths:4 | Learned a level 1 spell: Confusing Touch
 71727 | Depths:4 | Bought a scroll of teleportation for 30 gold pieces
 71727 | Depths:4 | Bought a scroll of teleportation for 30 gold pieces
 71727 | Depths:4 | Bought a scroll of enchant armour for 75 gold pieces
 71727 | Depths:4 | Bought a scroll of enchant armour for 75 gold pieces
 71811 | Depths:4 | Found a runed translucent door.
 71883 | Depths:4 | Reached skill level 1 in Hexes
 71888 | Depths:4 | Killed an ancient lich
 71967 | Depths:5 | Entered Level 5 of the Depths
 72148 | Depths:5 | Reached skill level 5 in Hexes
 72642 | Depths:5 | Found a gate to the Realm of Zot.
 73072 | Zot:1    | Entered Level 1 of the Realm of Zot
 74546 | Zot:2    | Noticed a Killer Klown
 74553 | Zot:2    | Killed a Killer Klown
 75331 | Zot:3    | Gained mutation: You are extremely robust. (+30% HP)
                  | [demonic ancestry]
 75331 | Zot:3    | Reached XP level 26. HP: 275/308 MP: 38/38
 76842 | Zot:4    | Found a runed translucent door.
 76845 | Zot:4    | Noticed Vuoshruy's ghost (veteran MiBe)
 76949 | Zot:4    | Killed Vuoshruy's ghost
 77485 | Zot:5    | Entered Level 5 of the Realm of Zot
 77485 | Zot:5    | Noticed an orb of fire
 77487 | Zot:5    | Gained mutation: Your magical capacity is low. (-10% MP)
                  | [an orb of fire]
 77488 | Zot:5    | Gained mutation: Your magical capacity is very low. (-20%
                  | MP) [an orb of fire]
 77498 | Zot:4    | Killed an orb of fire
 78015 | Zot:5    | Noticed an ancient lich
 78031 | Zot:5    | Killed an ancient lich
 78607 | Slime:1  | Entered Level 1 of the Pits of Slime
 79811 | Slime:3  | Gained mutation: You are very clumsy. (Dex -4) [a shining
                  | eye]
 79816 | Slime:3  | Gained mutation: You do not regenerate when monsters are
                  | visible. [a shining eye]
 79843 | Slime:3  | Lost mutation: You are dopey. (Int -2) [potion of mutation]
 79843 | Slime:3  | Lost mutation: You are very clumsy. (Dex -4) [potion of
                  | mutation]
 79843 | Slime:3  | Gained mutation: Your mind is acute. (Int +2) [potion of
                  | mutation]
 79844 | Slime:3  | Lost mutation: Your magical capacity is very low. (-20% MP)
                  | [potion of mutation]
 79844 | Slime:3  | Lost mutation: Your mind is acute. (Int +2) [potion of
                  | mutation]
 79844 | Slime:3  | Lost mutation: Your magical capacity is low. (-10% MP)
                  | [potion of mutation]
 79844 | Slime:3  | Lost mutation: You expend magic power (3 MP) to strengthen
                  | your wands. [potion of mutation]
 79844 | Slime:3  | Lost mutation: You are clumsy. (Dex -2) [potion of
                  | mutation]
 79844 | Slime:3  | Gained mutation: You have sharp fingernails. [potion of
                  | mutation]
 79845 | Slime:3  | Lost mutation: You do not regenerate when monsters are
                  | visible. [potion of mutation]
 79845 | Slime:3  | Lost mutation: You have sharp fingernails. [potion of
                  | mutation]
 79845 | Slime:3  | Gained mutation: You are clumsy. (Dex -2) [potion of
                  | mutation]
 79845 | Slime:3  | Gained mutation: Your flesh is cold resistant. (rC+)
                  | [potion of mutation]
 79845 | Slime:3  | Lost mutation: You are clumsy. (Dex -2) [potion of
                  | mutation]
 79845 | Slime:3  | Gained mutation: You are agile. (Dex +2) [potion of
                  | mutation]
 79953 | Slime:3  | Reached XP level 27. HP: 323/323 MP: 38/38
 80432 | Slime:4  | Gained mutation: Armour fits poorly on your strangely
                  | shaped body. [a shining eye]
 80521 | Slime:3  | Lost mutation: Armour fits poorly on your strangely shaped
                  | body. [potion of mutation]
 80521 | Slime:3  | Lost mutation: Your flesh is cold resistant. (rC+) [potion
                  | of mutation]
 80521 | Slime:3  | Lost mutation: You are agile. (Dex +2) [potion of mutation]
 80521 | Slime:3  | Gained mutation: Your flesh is heat resistant. (rF+)
                  | [potion of mutation]
 80521 | Slime:3  | Gained mutation: You are clumsy. (Dex -2) [potion of
                  | mutation]
 80521 | Slime:3  | Gained mutation: Your system is resistant to poisons.
                  | (rPois) [potion of mutation]
 80521 | Slime:3  | Gained mutation: Your flesh is very heat resistant. (rF++)
                  | [potion of mutation]
 81011 | Slime:5  | Entered Level 5 of the Pits of Slime
 81470 | Slime:5  | Noticed the Royal Jelly
 81528 | Slime:5  | Killed the Royal Jelly
 82156 | Slime:5  | Got a bone broad axe
 82157 | Slime:5  | Identified the +8 broad axe "Foinargh" {chop, Str+2 Stlth+}
                  | (You found it on level 5 of the Pits of Slime)
 82178 | Slime:5  | Got a clouded turquoise ring
 82179 | Slime:5  | Identified the ring "Yzaap" {rN+ Str+3} (You found it on
                  | level 5 of the Pits of Slime)
 82234 | Slime:5  | Got a pair of smoking gloves
 82235 | Slime:5  | Identified the cursed +0 pair of gloves of Rionaxou {rPois}
                  | (You found it on level 5 of the Pits of Slime)
 82256 | Slime:5  | Got a pitted granite ring
 82257 | Slime:5  | Identified the ring "Gaodwynk" {MR++ Slay+2 SInv Stlth+}
                  | (You found it on level 5 of the Pits of Slime)
 82259 | Slime:5  | Got a slimy rune of Zot
 82652 | Slime:3  | Learned a level 1 spell: Apportation
 83068 | Depths:3 | Voluntarily entered the Abyss.
 83173 | Abyss:1  | Reached skill level 1 in Translocations
 83659 | Abyss:1  | Found a burning altar of Makhleb.
 83939 | Abyss:1  | Reached skill level 5 in Translocations
 84085 | Abyss:1  | Gained mutation: Armour fits poorly on your strangely
                  | shaped body. [a neqoxec]
 84615 | Abyss:3  | Gained mutation: Scrolls take you a little longer to read.
                  | [a neqoxec]
 85064 | Abyss:3  | Lost mutation: Your system is resistant to poisons. (rPois)
                  | [potion of mutation]
 85064 | Abyss:3  | Lost mutation: Scrolls take you a little longer to read.
                  | [potion of mutation]
 85064 | Abyss:3  | Lost mutation: Your flesh is very heat resistant. (rF++)
                  | [potion of mutation]
 85064 | Abyss:3  | Gained mutation: Your system is resistant to poisons.
                  | (rPois) [potion of mutation]
 85064 | Abyss:3  | Gained mutation: You have a pair of small antennae on your
                  | head. [potion of mutation]
 85065 | Abyss:3  | Lost mutation: Armour fits poorly on your strangely shaped
                  | body. [potion of mutation]
 85065 | Abyss:3  | Gained mutation: Scrolls take you a little longer to read.
                  | [potion of mutation]
 85065 | Abyss:3  | Lost mutation: Scrolls take you a little longer to read.
                  | [potion of mutation]
 85065 | Abyss:3  | Gained mutation: You are somewhat resistant to further
                  | mutation. [potion of mutation]
 85629 | Abyss:4  | Gained mutation: Your body sometimes deteriorates upon
                  | taking damage. [a neqoxec]
 85904 | Abyss:4  | Gained mutation: You are very clumsy. (Dex -4) [a neqoxec]
 86240 | Abyss:4  | Gained mutation: You are dopey. (Int -2) [a neqoxec]
 87163 | Abyss:4  | Found a corrupted altar of Lugonu.
 87188 | Abyss:4  | Got an abyssal rune of Zot
 87373 | Abyss:4  | Reached skill level 27 in Invocations
 87416 | Depths:3 | Escaped the Abyss
 87844 | Hell     | Entered the Vestibule of Hell
 87846 | Hell     | Noticed Geryon
 88517 | Depths:3 | Reached skill level 27 in Fighting
 88685 | Hell     | Killed Geryon
 88907 | Hell     | Found a gateway to the Iron City of Dis.
 88965 | Hell     | Found a gateway to the freezing wastes of Cocytus.
 89030 | Hell     | Found a gateway to the decaying netherworld of Tartarus.
 89164 | Hell     | Found a gateway to the ashen valley of Gehenna.
 89413 | Geh:1    | Entered Level 1 of Gehenna
 91777 | Zot:5    | Noticed an orb of fire
 91816 | Zot:5    | Killed an orb of fire
 92005 | Zot:5    | Noticed an ancient lich
 92025 | Zot:5    | Killed an ancient lich
 92211 | Zot:5    | Noticed an ancient lich
 92222 | Zot:5    | Killed an ancient lich
 92525 | Zot:5    | Noticed an orb of fire
 92542 | Zot:5    | Killed an orb of fire
 92557 | Zot:5    | Noticed an ancient lich
 92569 | Zot:5    | Killed an ancient lich
 92853 | Zot:5    | Got the Orb of Zot
 93562 | D:$      | Escaped with the Orb!

Skill      XL: |  1  2  3  4  5  6  7  8  9 10 11 12 13 14 15 16 17 18 19 20 21 22 23 24 25 26 27 |
---------------+----------------------------------------------------------------------------------+-----
Axes           | 3 4 5 6 7 9 11 12 13 14 16 17 18 | 18.0
Shields        | 5 7 9 11 12 13 15 17 18 19 20 | 20.0
Invocations    | 9 13 15 17 21 22 27 | 27.0
Dodging        | 3 6 7 |  7.3
Fighting       | 6 8 12 15 18 19 20 21 22 23 27 | 27.0
Armour         | 2 4 5 8 12 13 15 16 17 19 24 | 24.2
Evocations     | 6 9 10 | 10.0
Hexes          | 9 |  9.2
Translocations | 6 |  6.0
Throwing       | |  1.7

Action                   |  1- 3 |  4- 6 |  7- 9 | 10-12 | 13-15 | 16-18 | 19-21 | 22-24 | 25-27 || total
-------------------------+-------+-------+-------+-------+-------+-------+-------+-------+-------++-------
Melee: War axe           |   110 |   112 |   391 |   539 |   810 |  1930 |  1401 |  1722 |  4664 || 11679
       Kick              |     7 |    37 |   121 |   251 |   514 |  1176 |   927 |  1025 |  2988 ||  7046
       Broad axe         |       |       |       |   197 |   400 |       |       |       |       ||   597
 Cast: Confusing Touch   |       |       |       |       |       |       |       |       |     7 ||     7
       Apportation       |       |       |       |       |       |       |       |       |     1 ||     1
Invok: Upheaval          |       |       |       |     2 |    50 |    39 |    23 |    47 |   126 ||   287
       Disaster Area     |       |       |       |       |       |       |     2 |       |     1 ||     3
Evoke: Wand              |       |       |    13 |    43 |    20 |    11 |       |       |    25 ||   112
       Sack of spiders   |       |       |       |       |       |     1 |     3 |     1 |     3 ||     8
       Horn of Geryon    |       |       |       |       |       |       |       |       |     1 ||     1
  Use: Scroll            |       |    10 |       |    15 |    16 |     8 |     3 |     4 |    27 ||    83
       Potion            |       |       |     1 |     2 |     8 |     3 |    13 |     3 |    41 ||    71
 Stab: Distracted        |       |       |     1 |     7 |    18 |    12 |    17 |    16 |    26 ||    97
       Paralysed         |       |       |       |       |     3 |     2 |       |       |       ||     5
       Invisible         |       |       |       |       |       |       |     2 |       |     3 ||     5
       Confused          |       |       |       |       |       |       |       |       |     5 ||     5
       Petrifying        |       |       |       |       |       |       |       |       |     3 ||     3
       Petrified         |       |       |       |       |       |       |       |       |     3 ||     3
  Eat: Chunk             |     1 |     4 |    16 |    23 |    29 |    44 |    23 |     7 |    21 ||   168
       Ration            |       |     1 |     1 |     4 |     6 |     5 |     1 |     7 |    16 ||    41
Armor: Leather armour    |    10 |       |       |       |       |       |       |       |       ||    10
       Chain mail        |    40 |    56 |   124 |       |    86 |   280 |       |       |       ||   586
       Plate armour      |       |       |    69 |   180 |   114 |       |       |       |       ||   363
       Crystal plate arm |       |       |       |       |       |   287 |    60 |       |       ||   347
       Storm dragon scal |       |       |       |       |       |       |   145 |    15 |       ||   160
       Gold dragon scale |       |       |       |       |       |       |       |   191 |   763 ||   954
Dodge: Dodged            |    82 |    45 |    51 |    43 |   115 |   290 |   160 |   163 |   418 ||  1367
       Deflected         |       |       |       |     1 |     9 |     7 |    19 |    21 |    57 ||   114
Block: Large shield      |       |       |   170 |   654 |   945 |  1800 |  1130 |   455 |       ||  5154
       Reflection        |       |       |       |       |       |    29 |   115 |   158 |   117 ||   419
       Shield            |       |       |       |       |       |       |       |  1021 |  4358 ||  5379
